 Dungeon Crawl Stone Soup version 0.29-a0-925-g0a7a3d12f8 (webtiles) character file.

Game seed: 3076773792444808778

88 spiderkeys the Chopper (level 4, -2/49 HPs)
             Began as an Octopode Berserker on July 30, 2022.
             Was a Believer of Trog.
             Splashed by a jelly's acid (7 damage)
             ... on level 4 of the Dungeon.
             The game lasted 00:02:58 (3099 turns).

spiderkeys the Chopper (Octopode Berserker)         Turns: 3099, Time: 00:02:59

Health: -2/49      AC: -3    Str: 16    XL:     4   Next: 54%
Magic:  4/4        EV: 14    Int:  9    God:    Trog [**....]
Gold:   128        SH:  0    Dex: 13    Spells: 3/3 levels left

rFire   . . .      SeeInvis .   a - +0 hand axe
rCold   . . .      Faith    .   (no shield)
rNeg    . . .      Spirit   .   (helmet restricted)
rPois   .          Reflect  .   (no amulet)
rElec   .          Harm     .   (no ring)
rCorr   .          Rampage  .   (no ring)
Will    .....                   (no ring)
Stlth   ..........              (no ring)
HPRegen 0.16/turn               (no ring)
MPRegen 0.09/turn               (no ring)
                                (no ring)
                                (no ring)

@: berserking, corroded, very quick
A: almost no armour, amphibious, 8 rings, camouflage 1, gelatinous body 1,
(nimble swimmer 1), tentacles
a: Renounce Religion, Berserk, Trog's Hand


You were on level 4 of the Dungeon.
You worshipped Trog.
Trog was pleased with you.
You visited 1 branch of the dungeon, and saw 4 of its levels.

You collected 128 gold pieces.


Innate Abilities, Weirdness & Mutations

You cannot wear most types of armour.
You are amphibious.
You can wear up to eight rings at the same time.
Your skin changes colour to match your surroundings (Stealth+).
Your rubbery body absorbs attacks. (AC +1, EV +1)
((You are camouflaged when in or above water. (Stealth+)))
You have tentacles for arms and can constrict up to eight enemies at once.


   Skills:
 + Level 3.8 Fighting
 + Level 3.8 Axes
 + Level 3.8 Dodging


You had 3 spell levels left.
You didn't know any spells.
Your spell library was empty.

Inventory:

Hand Weapons
 a - a +0 hand axe (weapon)
Missiles
 d - 33 stones (quivered)
Wands
 n - a wand of polymorph (10)
   (You found it on level 3 of the Dungeon)
Scrolls
 c - 2 scrolls of amnesia {unknown}
 e - a scroll of identify {unknown}
 f - 3 scrolls of vulnerability {unknown}
 g - a scroll of summoning {unknown}
 i - a scroll of butterflies {unknown}
 k - a scroll of enchant armour {unknown}
 l - a scroll of poison {unknown}
 m - a scroll of brand weapon {unknown}
 o - a scroll of torment {unknown}
Potions
 b - 2 potions of haste {unknown}
 h - 2 potions of attraction {unknown}
 j - a potion of resistance {unknown}

Dungeon Overview and Level Annotations

Branches:
Dungeon (4/15) Zot: 20877
 Temple: D:4-7

Altars:
The Shining One

Shops:
D:2

( ###### #.<..#
#....# #...J# ##
#...@# #.
#....###############.
+.$.)'...............
#....##############..
#....# #.. #....# #..
#....# #.. #....#
##.....# #.. ......
.......# #..


You could see a jelly.


Message History

You start resting.
You feel sick.
You feel a strong urge to attack something.
You feel sick. 😮 HP[-1]
You take 1 damage, and now have 33/49 hp.
Unknown command.
You start resting.
You feel your anger nearly subside.
You are no longer berserk.
You are exhausted.
You feel yourself slow down.
You feel sick. 😮 HP[-12]
You now have 33 max hp (-16).
Unknown command.
You start resting.
You feel sick. x2
You are no longer poisoned. 😮 HP[-3]
You take 3 damage, and now have 18/33 hp.
Unknown command.
You start resting.
You feel yourself speed up. 😮 HP[+4]
You regained 4 hp, and now have 22/33 hp.
You start resting.
You recover from your berserk rage. 😮 HP[+2]
You regained 2 hp, and now have 24/33 hp.
Unknown command.
You start resting. 😎 HP[+9]
Your hp is fully restored (33).
Unknown command.
You start waiting.
Done waiting.
As you open the door, it creaks loudly!
Key pressed, stopping explore.
You now have 116 gold pieces (gained 10).
A dart slug comes into view.
Okay, then.
A dart slug is nearby!
A dart slug is nearby!
A dart slug is nearby!
The helpless dart slug fails to defend itself.
You hit the dart slug but do no damage. You grab the dart slug.
You squeeze the dart slug! You constrict the dart slug.
The dart slug barely misses you.
You slash the dart slug!
You kill the dart slug!
Trog accepts your kill.
You open the door.
There is an open door here.
Key pressed, stopping explore.
As you open the door, it creaks loudly!
There is an open door here.
You open the door.
There is an open door here.
There is an open door here.
You now have 128 gold pieces (gained 12).
You open the door.
A goblin comes into view. It is wielding a +0 club.
A goblin is nearby!
A jelly comes into view.
Found an escape hatch in the ceiling.
The goblin hits you with a +0 club.
There is an open door, spattered with blood here. 😕 HP[-2]
You take 2 damage, and now have 31/33 hp.
You hit the goblin.
You kill the goblin!
Trog accepts your kill.
The jelly quivers. 😕 HP[+1]
You hit the jelly but do no damage.
Your tentacles burn!
Your squeeze misses the jelly. The jelly completely misses you.
The jelly hits you but does no damage. 😕 HP[-3]
You take 3 damage, and now have 29/33 hp.
You slash the jelly! The acid corrodes you!
Your tentacles burn!
The jelly closely misses you. 😕 HP[-2]
You take 2 damage, and now have 27/33 hp.
You hit the jelly.
Your tentacles burn!
The jelly hits you.
You are splashed with acid.
* * * LOW HITPOINT WARNING * * *
😨 HP[-11]
You take 11 damage, and now have 16/33 hp.
MASSIVE DAMAGE!! (PAUSE)
You hit the jelly but do no damage.
Your tentacles burn!
* * * LOW HITPOINT WARNING * * *
The jelly hits you.
* * * LOW HITPOINT WARNING * * *
You are splashed with acid!
* * * LOW HITPOINT WARNING * * *
😱 HP[-12]
You take 12 damage, and now have 4/33 hp.
MASSIVE DAMAGE!! (PAUSE)
A red film seems to cover your vision as you go berserk!
You feel yourself moving faster!
You feel mighty! The jelly hits you.
* * * LOW HITPOINT WARNING * * *
You are splashed with acid!
You die...

Action                   |  1- 3 |  4- 6 || total
-------------------------+-------+-------++-------
Melee: Hand axe          |    64 |    28 ||    92
       Constrict         |    12 |     6 ||    18
       Tentacles         |    11 |     4 ||    15
       Punch             |     1 |       ||     1
Invok: Berserk           |       |     2 ||     2
Evoke: Wand              |       |     1 ||     1
 Stab: Sleeping          |    12 |     5 ||    17
Armor: Skin              |     1 |     2 ||     3
Dodge: Dodged            |    30 |    16 ||    46

Levels and vault maps discovered:
D:1:      elethiomel_arrival_maze, layout_basic
D:2:      layout_loops_cross, serial_shops, shop_statue, serial_park_tiny_pond,
          minmay_pentomino_w2
D:3:      layout_basic, tso_altar, hellmonk_ecumenical_altar_dog_temple,
          guppyfry_early_lair_pool, uniq_sigmund
D:4:      layout_basic, minmay_splitting_lines, kennysheep_crisscross,
          dk_noncrumbling_2, grunt_ministairs_13,
          chequers_serial_rivers_micro_b, uniq_menkaure

Notes
Turn   | Place    | Note
-------+----------+-------------------------------------------
     0 | D:1      | spiderkeys the Octopode Berserker began the quest for the
                  | Orb.
     0 | D:1      | Reached XP level 1. HP: 16/16 MP: 1/1
     0 | D:1      | magus.rc [v1.11.3]
   197 | D:1      | Reached XP level 2. HP: 21/21 MP: 2/2
   752 | D:2      | Reached XP level 3. HP: 11/26 MP: 3/3
  1037 | D:2      | Found Amiotuis's Weapon Boutique.
  1672 | D:3      | Reached ** piety under Trog
  2009 | D:3      | Reached XP level 4. HP: 29/33 MP: 4/4
  2129 | D:3      | Found a faded altar of an unknown god.
  2234 | D:3      | Noticed Sigmund
  2239 | D:3      | Noticed Sigmund
  2239 | D:3      | Sigmund changed into Sigmund the bat
  2240 | D:3      | Killed Sigmund the bat
  2337 | D:3      | Found a glowing golden altar of the Shining One.
  3098 | D:4      | HP: 4/33 [acid (8)]
  3099 | D:4      | Splashed by a jelly's acid

Vanquished Creatures
  3 adders
  2 worms
  2 dart slugs
  4 ball pythons
  A bat (D:3)
  5 endoplasms
  9 goblins
  4 hobgoblins
  6 jackals
  A quokka (D:4)
  A frilled lizard (D:1)
  3 kobolds
  9 rats
50 creatures vanquished.

Vanquished Creatures (others)
  A plant (D:3)
1 creature vanquished.

Grand Total: 51 creatures vanquished

Table legend:
 A = Non-vault XP
 B = Vault XP
 C = Vault XP percentage of total XP
 D = Non-vault monster count
 E = Vault monster count
 F = Vault count percentage of total count
                 A         B        C        D         E       F
            +---------+---------+-------+---------+---------+-------
      Total |     101 |      26 |  20.5 |      43 |       7 |  14.0
            +---------+---------+-------+---------+---------+-------
        D:1 |      18 |       0 |   0.0 |      12 |       0 |   0.0
        D:2 |      38 |       6 |  13.6 |      14 |       2 |  12.5
        D:3 |      37 |       6 |  14.0 |      14 |       3 |  17.6
        D:4 |       8 |      14 |  63.6 |       3 |       2 |  40.0
            +---------+---------+-------+---------+---------+-------

Illustrated notes

Table legend:
 A = Kills in this place as a percentage of kills in entire the game.
 B = Kills by you in this place as a percentage of kills by you in the entire game.
 C = Kills by friends in this place as a percentage of kills by friends in the entire game.
 D = Other kills in this place as a percentage of other kills in the entire game.
 E = Experience gained in this place as a percentage of experience gained in the entire game.
 F = Experience gained in this place divided by the number of levels of this place that you have seen.
                   A       B       C       D       E      F
               +-------+-------+-------+-------+-------+----------------------
         Total | 100.0 | 100.0 |   N/A |   N/A | 100.0 |  31.8
       Dungeon | 100.0 | 100.0 |   N/A |   N/A | 100.0 |  31.8
               +-------+-------+-------+-------+-------+----------------------

Table legend: (Time is in decaauts)
 A = Elapsed time spent in this place.
 B = Non-inter-level travel time spent in this place.
 C = Inter-level travel time spent in this place.
 D = Time resting spent in this place.
 E = Time spent auto-exploring this place.
 F = Levels seen in this place.
 G = Mean time per level.
                   A        B        C        D        E       F      G
               +--------+--------+--------+--------+--------+-----+--------+
         Total |   3121 |   3049 |     72 |    235 |   2475 |   4 |  780.2 |
       Dungeon |   3121 |   3049 |     72 |    235 |   2475 |   4 |  780.2 |
               +--------+--------+--------+--------+--------+-----+--------+

Top non-repeatable levels by time:
     D:3: 1122 daAuts
     D:2: 879 daAuts
     D:1: 687 daAuts
     D:4: 431 daAuts
